 Dungeon Crawl Stone Soup version 0.30-a0-170-g85af917532 (webtiles) character file.

Game seed: 14050719561144084519

12 KennySheep the Slasher (level 2, 0/17 HPs)
             Began as a Tengu Gladiator on Sept 30, 2022.
             Was an Initiate of Ashenzari.
             Slain by a hobgoblin
             ... wielding a +0 flail
              (6 damage)
             ... on level 1 of the Dungeon.
             The game lasted 00:01:10 (415 turns).

KennySheep the Slasher (Tengu Gladiator)             Turns: 415, Time: 00:01:10

Health: 0/17       AC:  3    Str: 14    XL:     2   Next: 33%
Magic:  3/3        EV: 12    Int:  8    God:    Ashenzari [......]
Gold:   0          SH:  0    Dex: 15    Spells: 1/1 levels left

rFire   . . .      SeeInvis .    a - +0 long sword
rCold   . . .      Faith    .    (no shield)
rNeg    . . .      Spirit   .    b - +0 leather armour
rPois   .          Reflect  .    c - +0 hat "Chained Together" {Evo, Melee} (curse)
rElec   .          Harm     .    (no cloak)
rCorr   .          Rampage  .    (no gloves)
Will    .....                    (boots unavailable)
Stlth   +.........               (no amulet)
HPRegen 0.05/turn                (no ring)
MPRegen 0.08/turn                (no ring)

@: no status effects
A: beak, talons 3
a: Renounce Religion, Shatter the Chains


You were on level 1 of the Dungeon.
You worshipped Ashenzari.
Ashenzari was noncommittal.
You visited 1 branch of the dungeon, and saw 1 of its levels.

Inventory:

Hand Weapons
 a - a +0 long sword (weapon)
Missiles
 d - 3 throwing nets (quivered)
 e - 7 javelins
Armour
 b - a +0 leather armour (worn)
 c - the cursed +0 hat "Chained Together" (worn) {Evo, Melee}

   It has a curse which improves the following skills: Evocations: Evocations.
   Melee Combat: Short Blades, Long Blades, Axes, Maces & Flails, Polearms,
   Staves and Unarmed Combat.
Scrolls
 f - a scroll of teleportation {unknown}


   Skills:
 + Level 2.2 Fighting
 * Level 3.7(4.1) Long Blades
 - Level 2.0 Throwing
 + Level 3.4 Dodging
 + Level 0.1 Stealth


You had one spell level left.
You didn't know any spells.
Your spell library was empty.

Dungeon Overview and Level Annotations

Branches:
Dungeon (1/15)

Altars:
Ashenzari


Innate Abilities, Weirdness & Mutations

You have a beak for a mouth.
You have claws for feet.


Message History

The quokka closely misses you.
You slash the quokka!
You kill the quokka!
No target in view!
A jackal comes into view.
The jackal moves out of view.
A jackal comes into view.
The jackal moves out of view.
A jackal is nearby!
A hobgoblin comes into view. It is wielding a +0 flail.
The hobgoblin moves out of view.
The jackal bites you but does no damage.
The hobgoblin shouts!
You slash the jackal!
You kill the jackal!
You hear a bark!
You hear a shout!
Found a pair of gloves.
The jackal barks!
You see here a jackal corpse.
A hobgoblin comes into view.
The hobgoblin shouts!
You hear a shout!
The hobgoblin hits you with a +0 flail.
You barely miss the hobgoblin. The jackal barely misses you.
The hobgoblin hits you with a +0 flail. The jackal attacks as you move away!
The jackal barely misses you. The jackal bites you.
The jackal attacks as you move away! The jackal closely misses you.
You see here a jackal corpse.
The jackal bites you but does no damage.
You hit the jackal but do no damage. You claw the jackal.
The jackal is almost dead.
The jackal bites you.
You hit the jackal but do no damage. Your kick misses the jackal.
The jackal is almost dead.
The jackal misses you.
You slash the jackal!
You kill the jackal!
The hobgoblin barely misses you. The hobgoblin attacks as you move away!
The hobgoblin hits you with a +0 flail.
You die...

#..#.)#.#≈≈...(........###
#..#..#)#≈≈.....#........#
'.8#8.+.+........[.....#.#
#..#..#.#≈≈..............#
#..#..#.#≈≈............###
#.....#.#≈≈............#
###'###'##≈###†h.......#
+.....'..#≈..g.g.#.....#
#######.<#≈..###@......#
####≈..# ###.#.....
≈≈≈≈≈≈.....# .......
........##.# ....
.......g. .. ....
.####..[. ... .. ...... ##
. ###.... .....#


You could see a jackal and 2 hobgoblins.

Vanquished Creatures
  A dart slug (D:1)
  A ball python (D:1)
  A goblin (D:1)
  2 jackals (D:1)
  A quokka (D:1)
  A frilled lizard (D:1)
  2 kobolds (D:1)
  A rat (D:1)
10 creatures vanquished.

Notes
Turn   | Place    | Note
-------+----------+-------------------------------------------
     0 | D:1      | KennySheep the Tengu Gladiator began the quest for the Orb.
     0 | D:1      | Reached XP level 1. HP: 12/12 MP: 2/2
   106 | D:1      | Found a faded altar of an unknown god.
   155 | D:1      | Prayed at the altar of an unknown god.
   155 | D:1      | Became a worshipper of Ashenzari the Shackled
   184 | D:1      | Reached XP level 2. HP: 7/17 MP: 3/3
   415 | D:1      | Slain by a hobgoblin

Illustrated notes

Levels and vault maps discovered:
D:1:      heliophobic_arrival_glass_houses, layout_rooms,
          hellmonk_ecumenical_altar_run_dry

Action                   || total
-------------------------++-------
Melee: Long sword        ||    27
       Kick              ||     6
       Peck              ||     3
Invok: Curse Item        ||     1
Armor: Leather armour    ||     7
Dodge: Dodged            ||    18

Table legend: (Time is in decaauts)
 A = Elapsed time spent in this place.
 B = Non-inter-level travel time spent in this place.
 C = Inter-level travel time spent in this place.
 D = Time resting spent in this place.
 E = Time spent auto-exploring this place.
 F = Levels seen in this place.
 G = Mean time per level.
                   A        B        C        D        E       F      G
               +--------+--------+--------+--------+--------+-----+--------+
         Total |    420 |    420 |      0 |     54 |    284 |   1 |  420.0 |
       Dungeon |    420 |    420 |      0 |     54 |    284 |   1 |  420.0 |
               +--------+--------+--------+--------+--------+-----+--------+

Top non-repeatable levels by time:
     D:1: 420 daAuts
